 Dungeon Crawl Stone Soup version 0.30-a0-808-g6e0788376e (webtiles) character file.

Game seed: 13261000641337288662

2011 cforsyth the Covert (level 9, 0/58 HPs)
             Began as a Kobold Brigand on Feb 27, 2023.
             Slain by a kobold
             ... wielding a +3 dagger of electrocution
              (12 damage)
             ... on level 7 of the Dungeon.
             The game lasted 00:11:31 (8068 turns).

cforsyth the Covert (Kobold Brigand)                Turns: 8068, Time: 00:11:32

Health: 0/58       AC: 10    Str:  8    XL:     9   Next: 46%
Magic:  9/9        EV: 21    Int: 13    God:
Gold:   320        SH:  0    Dex: 26    Spells: 8/8 levels left

rFire   + . .      SeeInvis .    a - +3 dagger (freeze)
rCold   . . .      Faith    .    (no shield)
rNeg    . . .      Spirit   .    A - +0 leather armour {rF+}
rPois   .          Reflect  .    B - +0 helmet
rElec   .          Harm     .    c - +0 cloak
rCorr   .          Rampage  .    y - +0 pair of gloves
Will    .....                    (no boots)
Stlth   ++++++                   (no amulet)
HPRegen 0.29/turn                q - +4 ring of protection
MPRegen 0.11/turn                E - +6 ring of dexterity

@: no status effects
A: small, no large weapons, nightstalker 3
a: no special abilities


You were on level 7 of the Dungeon.
You visited 2 branches of the dungeon, and saw 8 of its levels.
You also visited: Sewer.

You collected 320 gold pieces.

Inventory:

Hand Weapons
 a - a +3 dagger of freezing (weapon)
 G - a +1 short sword of flaming
Missiles
 d - 19 poisoned darts (quivered)
 e - 2 curare-tipped darts
 u - 2 throwing nets
 D - 6 atropa-tipped darts
Armour
 b - a +0 robe
 c - a +0 cloak (worn)
 y - a +0 pair of gloves (worn)
 A - a +0 leather armour of fire resistance (worn)
 B - a +0 helmet (worn)
Jewellery
 q - a +4 ring of protection (left hand)
 E - a +6 ring of dexterity (right hand)
Wands
 g - a wand of flame (24)
 l - a wand of polymorph (7)
 p - a wand of acid (3)
 t - a wand of mindburst (7)
Scrolls
 h - 6 scrolls of identify
 k - 4 scrolls of blinking
 o - a scroll of teleportation
 s - a scroll of amnesia
 C - a scroll of butterflies {unknown}
 F - a scroll of noise {unknown}
Potions
 f - 3 potions of lignification
 i - a potion of cancellation {unknown}
 j - a potion of resistance
 m - a potion of invisibility {unknown}
 n - 2 potions of haste {unknown}
 r - a potion of brilliance {unknown}
 v - a potion of curing
 w - a potion of mutation {unknown}
 z - 2 potions of magic


   Skills:
 + Level 7.7 Fighting
 - Level 3.6 Short Blades
 - Level 2.1 Throwing
 + Level 8.1 Dodging
 + Level 10.9 Stealth


You had 8 spell levels left.
You didn't know any spells.
Your spell library contained the following spells:

 Spells                   Type           Power      Damage    Failure   Level
 Cigotuvi's Dreadful Rot  Necr/Pois/Air  0%         N/A       56%         2
 Lesser Beckoning         Tloc           0%         N/A       56%         2
 Poisonous Vapours        Pois/Air       0%         N/A       56%         2
 Scorch                   Fire           0%         2d5       56%         2
 Sublimation of Blood     Necr           0%         N/A       56%         2
 Gell's Gravitas          Tloc           0%         N/A       80%         3
 Mephitic Cloud           Conj/Pois/Air  0%         N/A       80%         3
 Teleport Other           Tloc           0%         N/A       80%         3
 Flame Wave               Conj/Fire      0%         2d4       99%         4
 Petrify                  Tmut/Erth      0%         N/A       99%         4
 Irradiate                Conj/Tmut      0%         3d11      100%        5
 Summon Cactus Giant      Summ           0%         N/A       100%        6


Dungeon Overview and Level Annotations

Branches:
Dungeon (7/15)             Temple (1/1) D:6           Sewer (visited)

Altars:
Ashenzari
Dithmenos
Elyvilon
Fedhas
Gozag
Kikubaaqudgha
Nemelex Xobeh
Okawaru
Qazlal
Sif Muna
Vehumet
Wu Jian
Xom
Yredelemnul
Zin
The Shining One

Shops:
D:3 :   D:6 *   D:7 ?


Innate Abilities, Weirdness & Mutations

You are small and have problems with some larger weapons.
You are completely attuned to the shadows.


Message History

The kobold hits you but does no damage.
You are electrocuted!
The kobold barely misses you. The necrophage completely misses you.
You hit the necrophage but do no damage.
The necrophage is moderately damaged.
The kobold hits you but does no damage. x2
The necrophage hits you but does no damage.
You hit the necrophage.
The necrophage is heavily damaged.
The kobold hits you but does no damage.
The kobold hits you with a +0 dagger of electrocution.
The necrophage hits you but does no damage.
You hit the necrophage.
The necrophage is severely damaged.
The kobold hits you but does no damage.
You are electrocuted!!
The kobold misses you. The necrophage closely misses you.
You are too injured to fight recklessly!
The kobold throws a poisoned dart.
The poisoned dart closely misses you. The kobold attacks as you move away!
The kobold hits you with a +3 dagger of electrocution.
You are electrocuted!
* * * LOW HITPOINT WARNING * * *
Unknown command.
Press: ? - help, v - describe, . - travel
Here: a kobold, wielding a +3 dagger of electrocution The floor, spattered with blood.
Unknown command.
You feel much better. The kobold hits you but does no damage.
You are electrocuted!
* * * LOW HITPOINT WARNING * * *
You hit the kobold but do no damage. You barely miss the kobold.
You hit the kobold. You freeze the kobold.
You kill the kobold!
The kobold misses you. The kobold attacks as you move away!
The kobold hits you with a +3 dagger of electrocution.
* * * LOW HITPOINT WARNING * * *
The kobold attacks as you move away! The kobold hits you but does no damage.
You are electrocuted!
You die...

...#####......#
..............# ..
########.#....# ... #
#.#....# #... #
#.##...## #######...$ #
#.##....####..>...))...
# #......##.###.o#....
######.##.###.##....
....@##...n.# ....
####Kn#....## ....
#..)....# #.#.>...#
#.###...# #.# ##### #.


You could see a necrophage and a kobold.

Vanquished Creatures
  A wyvern (D:5)
  Eustachio (D:5)
  2 water moccasins
  A sky beast (D:5)
  An orc warrior (D:6)
  An ice beast (D:6)
  An ogre (D:6)
  2 phantoms
  A kobold brigand (D:7)
  A necrophage (D:3)
  2 scorpions (D:6)
  A howler monkey (D:4)
  3 hounds
  2 orc priests (D:6)
  3 jellies (D:5)
  A gnoll bouda (D:4)
  2 iguanas (D:5)
  6 orc wizards
  A hell rat (Sewer)
  Robin (D:2)
  7 gnolls
  6 adders
  3 river rats
  5 dart slugs
  7 orcs
  5 endoplasms
  2 giant cockroaches
  10 goblins
  4 hobgoblins
  6 jackals
  6 kobolds
  A quokka (D:1)
  8 ball pythons
  5 bats
  9 rats
118 creatures vanquished.

Notes
Turn   | Place    | Note
-------+----------+-------------------------------------------
     0 | D:1      | cforsyth the Kobold Brigand began the quest for the Orb.
     0 | D:1      | Reached XP level 1. HP: 12/12 MP: 1/1
   205 | D:1      | Reached XP level 2. HP: 18/18 MP: 2/2
   696 | D:1      | Reached XP level 3. HP: 22/22 MP: 3/3
  1412 | D:2      | Noticed Robin
  1443 | D:2      | Killed Robin
  1444 | D:2      | Reached XP level 4. HP: 22/27 MP: 4/4
  1622 | D:2      | Found a faded altar of an unknown god.
  1827 | D:3      | Found a white marble altar of Elyvilon.
  1846 | D:3      | Found Conene's Book Boutique.
  1856 | D:3      | Found an iron altar of Okawaru.
  1889 | D:3      | Noticed a phantom
  1921 | D:3      | Killed a phantom
  1922 | D:3      | Reached skill level 6 in Stealth
  1922 | D:3      | Reached XP level 5. HP: 11/32 MP: 5/5
  2562 | D:3      | Found a shimmering altar of Xom.
  2829 | D:4      | Reached XP level 6. HP: 29/38 MP: 6/6
  3241 | D:3      | Reached skill level 7 in Stealth
  3675 | D:4      | Found an ornate altar of the Wu Jian Council.
  3679 | D:4      | Noticed a spectral centipede
  3679 | D:4      | Noticed a spectral black mamba
  3679 | D:4      | Noticed a spectral cane toad
  3828 | D:5      | Entered Level 5 of the Dungeon
  3861 | D:5      | Noticed a wyvern
  3882 | D:5      | Killed a wyvern
  3883 | D:5      | Reached XP level 7. HP: 21/44 MP: 7/7
  3886 | D:5      | Reached skill level 5 in Fighting
  3886 | D:5      | Reached skill level 5 in Dodging
  4151 | D:5      | Reached skill level 8 in Stealth
  4184 | D:5      | Reached XP level 8. HP: 27/50 MP: 8/8
  4317 | D:5      | Noticed Eustachio
  4319 | D:5      | Killed Eustachio
  4931 | D:5      | Reached skill level 9 in Stealth
  6854 | D:6      | Reached XP level 9. HP: 44/56 MP: 9/9
  6893 | D:6      | Found a stormy altar of Qazlal.
  6924 | D:6      | Reached skill level 10 in Stealth
  7017 | D:6      | Found Kufiz's Mass Market.
  7160 | D:6      | Found a glowing drain.
  7166 | Sewer    | Entered a sewer
  7458 | D:6      | Found a staircase to the Ecumenical Temple.
  7463 | Temple   | Entered the Ecumenical Temple
  7986 | D:7      | Found Qutorgh's Magic Scroll Boutique.
  8068 | D:7      | Slain by a kobold

Illustrated notes

Levels and vault maps discovered:
D:1:      lightli_arrival_chessboard, layout_basic, minmay_misc_feat_tiny,
          chequers_decorated_corner, nicolae_eternal_life
D:2:      layout_loops_cross, chequers_ecumenical_altar_simple_redux,
          minmay_tetromino_l2, uniq_robin
D:3:      layout_basic, mainiacjoe_overflow_brackets, okawaru_ov_weapons_minmay,
          mainiacjoe_overflow_small_starburst, serial_shops,
          nicolae_diamond_shop, dk_vineyard_1
D:4:      layout_basic, pdpol_wu_jian_five_deadly_venoms, grunt_ministairs_2
D:5:      layout_basic, grunt_ministairs_4, uniq_eustachio
D:6:      layout_basic, mainiacjoe_overflow_paths, temple_doors_ab,
          portal_sewer_entry_b, nrook_campfire, minmay_shop_mass
D:7:      layout_basic, serial_shops, shop_fountains
Temple:   bh_familiar_temple

Skill      XL: |  1  2  3  4  5  6  7  8  9 |
---------------+----------------------------+-----
Short Blades   | 3 |  3.6
Dodging        | 2 3 4 5 7 8 |  8.1
Fighting       | 3 4 5 6 7 |  7.7
Stealth        | 6 7 8 9 10 | 10.9
Throwing       | |  2.1

Action                     |  1- 3 |  4- 6 |  7- 9 || total
---------------------------+-------+-------+-------++-------
  Melee: Dagger            |    71 |   164 |   397 ||   632
         Punch             |     1 |     5 |     4 ||    10
  Throw: Dart              |     9 |     8 |       ||    17
    Use: Potion            |       |     7 |     2 ||     9
         Scroll            |       |       |     9 ||     9
   Stab: Sleeping          |    15 |     9 |    16 ||    40
         Distracted        |       |     1 |       ||     1
 Armour: Robe              |    13 |    15 |    63 ||    91
         Skin              |       |     8 |       ||     8
         Leather armour    |       |       |    26 ||    26
  Dodge: Dodged            |    43 |   109 |   308 ||   460

Table legend: (Time is in decaauts)
 A = Elapsed time spent in this place.
 B = Non-inter-level travel time spent in this place.
 C = Inter-level travel time spent in this place.
 D = Time resting spent in this place.
 E = Time spent auto-exploring this place.
 F = Levels seen in this place.
 G = Mean time per level.
                   A        B        C        D        E       F      G
               +--------+--------+--------+--------+--------+-----+--------+
         Total |   7997 |   7677 |    320 |   1809 |   4277 |   9 |  888.6 |
       Dungeon |   7630 |   7324 |    306 |   1809 |   4006 |   7 | 1090.0 |
        Temple |    187 |    173 |     14 |      0 |    172 |   1 |  187.0 |
         Sewer |    178 |    178 |      0 |      0 |     99 |   1 |  178.0 |
               +--------+--------+--------+--------+--------+-----+--------+

Top non-repeatable levels by time:
     D:4: 1654 daAuts
     D:5: 1631 daAuts
     D:3: 1495 daAuts
     D:1: 956 daAuts
     D:2: 900 daAuts
     D:6: 869 daAuts
  Temple: 187 daAuts
   Sewer: 178 daAuts
     D:7: 123 daAuts
